 Dungeon Crawl Stone Soup version 0.26.1-2-gb8aa6d0cf2 (webtiles) character file.

Game seed: 17420844076761271206

17948 Electrofox the Cleaver (level 12, -1/91 HPs)
             Began as a Minotaur Fighter on Mar 26, 2021.
             Was a High Priest of Okawaru.
             Killed from afar by an electric eel (11 damage)
             ... with a bolt of electricity
             ... on level 1 of the Lair of Beasts on Mar 27, 2021.
             The game lasted 01:21:25 (15956 turns).

Electrofox the Cleaver (Minotaur Fighter)          Turns: 15956, Time: 01:21:25

Health: -1/91      AC: 16    Str: 22    XL:     12   Next: 23%
Magic:  11/11      EV: 10    Int: 11    God:    Okawaru [*****.]
Gold:   2356       SH:  0    Dex:  7    Spells: 11/11 levels left

rFire    . . .     SeeInvis +   a - +0 eveningstar of the Twelve Xalams {vamp, +Inv Int+3 Dex-4}
rCold    . . .     Faith    .   c - +0 kite shield
rNeg     . . .     Spirit   .   B - +0 plate armour
rPois    +         Reflect  .   D - +0 hat
rElec    .         Harm     .   y - +1 cloak of Starlight {*Dazzle EV+4 Stlth--}
rCorr    .         Rampage  .   x - +0 pair of gloves
Will     .....                  g - +0 pair of boots
Stlth    ..........             (no amulet)
HPRegen  0.25/turn              P - ring of poison resistance
MPRegen  0.12/turn              S - ring of see invisible

@: confused, about to teleport, studying Spellcasting, very slow
A: retaliatory headbutt, horns 2
a: Renounce Religion, Evoke Invisibility, Heroism, Finesse


You were on level 1 of the Lair of Beasts.
You worshipped Okawaru.
Okawaru was extremely pleased with you.
You visited 3 branches of the dungeon, and saw 14 of its levels.
You also visited: Ossuary and Bailey.

You collected 2356 gold pieces.

Inventory:

Hand Weapons
 a - the +0 eveningstar of the Twelve Xalams (weapon) {vamp, +Inv Int+3 Dex-4}
   (You found it in a bailey)

   It inflicts no extra harm, but heals its wielder when it wounds a living foe.
   It affects your intelligence (+3).
   It affects your dexterity (-4).
   It lets you turn invisible.
 b - a +4 hand crossbow of freezing
 O - a +2 vorpal broad axe
Missiles
 q - 53 poisoned darts (quivered)
 L - 83 bolts
 U - 6 curare-tipped darts
Armour
 c - a +0 kite shield (worn)
 g - a +0 pair of boots (worn)
 r - a scarf of shadows
 s - the +0 pair of boots of Inevitability {-Tele Rampage rF+++}
   (Okawaru gifted it to you on level 11 of the Dungeon)

   It renders you almost immune to fire.
   It prevents most forms of teleportation.
   It bestows one free step when moving towards enemies.
 x - a +0 pair of gloves (worn)
 y - the +1 cloak of Starlight (worn) {*Dazzle EV+4 Stlth--}
   (You found it on level 12 of the Dungeon)

   It affects your evasion (+4).
   It makes you much less stealthy.
 B - a +0 plate armour (worn)
 D - a +0 hat (worn)
Jewellery
 e - a +4 ring of evasion
 K - an uncursed ring of protection from fire
 P - a ring of poison resistance (left hand)
 S - a ring of see invisible (right hand)
Wands
 v - a wand of acid (5)
 G - a wand of random effects (24)
 I - a wand of flame (36)
 R - a wand of iceblast (7)
 T - a wand of digging (3)
Scrolls
 f - 8 scrolls of teleportation
 h - a scroll of amnesia
 i - 2 scrolls of remove curse
 j - a scroll of enchant weapon
 k - 3 scrolls of fog
 p - a scroll of random uselessness {unknown}
 t - 2 scrolls of blinking
 w - a scroll of magic mapping
 z - a scroll of immolation {unknown}
 A - 3 scrolls of fear
 F - 3 scrolls of enchant armour {unknown}
 H - 2 scrolls of identify
 J - 3 scrolls of noise {unknown}
Potions
 d - 4 potions of might
 l - 4 potions of haste
 m - 2 potions of flight
 n - 2 potions of resistance
 o - a potion of magic
 u - a potion of ambrosia
 C - 7 potions of curing
 E - a potion of berserk rage
 M - 3 potions of lignification
Books
 N - a manual of Spellcasting


   Skills:
 - Level 3.9 Fighting
 - Level 13.4(14.8) Axes
 + Level 11.0(13.6) Maces & Flails
 - Level 10.0 Crossbows
 - Level 3.8 Armour
 * Level 12.5 Shields
 - Level 1.3 Invocations


You had 11 spell levels left.
You didn't know any spells.
Your spell library contained the following spells:

 Spells                   Type           Power        Failure   Level
 Summon Small Mammal      Summ           0%           100%        1
 Passwall                 Tmut/Erth      0%           100%        2
 Swiftness                Air            0%           100%        2
 Confusing Touch          Hex            0%           100%        3
 Gell's Gravitas          Tloc           0%           100%        3
 Teleport Other           Tloc           0%           100%        3
 Passage of Golubria      Tloc           N/A          100%        4
 Petrify                  Tmut/Erth      0%           100%        4
 Lee's Rapid Deconstruct  Erth           0%           100%        5
 Metabolic Englaciation   Hex/Ice        0%           100%        5
 Yara's Violent Unravell  Hex/Tmut       0%           100%        5
 Invisibility             Hex            0%           100%        6
 Shadow Creatures         Summ           N/A          100%        6
 Dragon's Call            Summ           0%           100%        9


Dungeon Overview and Level Annotations

Branches:
Dungeon (12/15)            Temple (1/1) D:4            Lair (1/6) D:8
    Orc (0/2) D:12        Ossuary (visited)          Bailey (visited)

Altars:
Ashenzari
Cheibriados
Dithmenos
Elyvilon
Fedhas
Gozag
Hepliaklqana
Kikubaaqudgha
Makhleb
Nemelex Xobeh
Okawaru
Qazlal
Ru
Sif Muna
Trog
Uskayaw
Vehumet
Wu Jian
Xom
Yredelemnul
Zin
The Shining One
Lugonu

Annotations:
D:9 4 runed translucent doors, exclusion: 4 doors, DwarfAlpaca's ghost, novice MfIE
D:12 Jorgrun


Innate Abilities, Weirdness & Mutations

You reflexively headbutt those who attack you in melee.
You have a pair of horns on your head.


Message History

As you read the scroll of teleportation, it crumbles to dust.
You feel strangely unstable.
A nearby plant withers and dies.
The electric eel shoots out a bolt of lightning at you!
The bolt of electricity hits you.
* * * LOW HITPOINT WARNING * * *
The bolt of electricity hits the electric eel.
The electric eel completely resists.
The water moccasin bites you but does no damage.
The electric eel shoots out a bolt of lightning at you!
The bolt of electricity hits you.
* * * LOW HITPOINT WARNING * * *
You are confused.
You feel invigorated. The water moccasin barely misses you.
The electric eel shoots out a bolt of lightning at you!
The bolt of electricity misses you.
The bolt of electricity hits the electric eel.
The electric eel completely resists.
The electric eel shoots out a bolt of lightning at you!
The bolt of electricity hits you!
You die...

≈≈≈≈♣≈♣≈♣##...
≈♣≈≈P≈≈≈≈≈≈≈≈≈≈≈≈♣≈≈#..l
≈≈P≈≈≈≈≈≈≈≈≈♣≈≈≈≈≈♣♣####
≈♣≈≈≈≈≈≈≈≈≈≈≈≈♣≈≈≈≈≈♣...
≈≈≈≈≈≈≈≈≈≈≈≈≈≈≈≈≈♣≈≈♣P#.
P≈≈≈≈≈≈≈≈≈≈≈≈≈≈≈≈≈≈≈≈♣..
≈P≈≈≈≈≈≈≈≈≈≈≈≈≈≈≈≈≈≈♣≈..
≈≈≈≈≈≈S≈≈≈≈;≈≈≈≈≈≈≈♣♣...
♣PP≈≈≈;@≈≈≈≈≈≈♣≈≈≈≈≈....
≈≈≈P≈≈≈≈≈≈≈≈≈≈≈≈♣≈≈#....
♣♣♣♣≈≈≈≈≈P≈≈≈♣♣≈♣≈≈#....
♣♣♣≈♣P♣≈♣≈♣≈♣#######. ♣≈
♣≈♣♣ # ## ## ##


You could see a water moccasin and 2 electric eels.

Vanquished Creatures
  2 hydras
  A centaur warrior (D:9)
  A death knight (D:9)
  Sonja (D:10)
  An unseen horror (D:10)
  A glowing orange brain (D:9)
  A komodo dragon (D:10)
  2 trolls
  6 slime creatures (D:12)
  A shadow (D:11)
  A wraith (D:11)
  4 yaks
  A wyvern (D:9)
  2 wargs (D:8)
  A steam dragon (D:10)
  A water moccasin (Lair:1)
  15 orc warriors
  An ice beast (D:9)
  A black bear (D:12)
  4 sky beasts
  An eye of draining (D:10)
  11 wolves (Lair:1)
  5 ogres
  An ogre (shapeshifter) (D:9)
  6 phantoms
  3 necrophages
  16 centaurs
  6 big kobolds
  7 bullfrogs
  6 elf zombies (Ossuary)
  A scorpion (D:9)
  12 killer bees
  A water moccasin skeleton (D:9)
  4 howler monkeys
  5 wights
  7 electric eels (D:12)
  2 bullfrog zombies
  2 centaur zombies
  2 hounds
  A quasit (D:9)
  13 orc priests
  6 jellies
  A centaur skeleton (D:6)
  18 orc wizards
  Jessica (D:2)
  3 iguanas
  8 worker ants
  A hound skeleton (D:6)
  4 mummies (Ossuary)
  8 gnolls
  6 adders
  5 white imps
  2 ufetubi
  2 oozes (D:3)
  4 adder zombies
  An adder skeleton (D:8)
  3 worms
  3 dart slugs
  4 leopard geckos
  50 orcs
  7 bats
  2 giant cockroaches
  17 goblins
  4 hobgoblins
  20 jackals
  41 kobolds
  9 quokkas
  A ball python (D:1)
  3 frilled lizards
  A hobgoblin zombie (Ossuary)
  A jackal zombie (Ossuary)
  A kobold zombie (Ossuary)
  A leopard gecko skeleton (D:9)
  A quokka skeleton (D:6)
  A quokka zombie (D:5)
  2 rats
402 creatures vanquished.

Vanquished Creatures (others)
  30 plants
30 creatures vanquished.

Grand Total: 432 creatures vanquished

Notes
Turn   | Place    | Note
-------+----------+-------------------------------------------
     0 | D:1      | Electrofox the Minotaur Fighter began the quest for the
                  | Orb.
     0 | D:1      | Reached XP level 1. HP: 19/19 MP: 0/0
    47 | D:1      | Reached XP level 2. HP: 23/27 MP: 1/1
   121 | D:1      | Reached skill level 3 in Axes
   284 | D:1      | Reached XP level 3. HP: 30/31 MP: 2/2
   816 | D:2      | Found a white marble altar of Elyvilon.
   904 | D:2      | Reached skill level 4 in Axes
  1039 | D:2      | Noticed Jessica
  1042 | D:2      | Killed Jessica
  1043 | D:2      | Reached XP level 4. HP: 39/40 MP: 3/3
  1073 | D:2      | Found an iron altar of Okawaru.
  1075 | D:2      | Found a snail-covered altar of Cheibriados.
  1082 | D:2      | Found a shadowy altar of Dithmenos.
  1083 | D:2      | Found an ancient bone altar of Kikubaaqudgha.
  1083 | D:2      | Found a shimmering blue altar of Sif Muna.
  1103 | D:2      | Became a worshipper of Warmaster Okawaru
  1461 | D:2      | Reached skill level 5 in Axes
  1825 | D:3      | Reached skill level 6 in Axes
  1825 | D:3      | Reached XP level 5. HP: 34/46 MP: 4/4
  2059 | D:3      | Found a bloodstained altar of Trog.
  2059 | D:3      | Found a basalt altar of Yredelemnul.
  2124 | D:4      | Found a staircase to the Ecumenical Temple.
  2129 | Temple   | Entered the Ecumenical Temple
  2280 | D:4      | Reached skill level 7 in Axes
  2353 | D:4      | Reached XP level 6. HP: 47/52 MP: 5/5
  2601 | D:4      | Found a radiant altar of Vehumet.
  2675 | D:4      | Found an opulent altar of Gozag.
  2949 | D:5      | Entered Level 5 of the Dungeon
  3006 | D:5      | Reached skill level 8 in Axes
  3171 | D:5      | Reached * piety under Okawaru
  3266 | D:5      | Found a glowing golden altar of the Shining One.
  3293 | D:5      | Reached skill level 9 in Axes
  3293 | D:5      | Reached XP level 7. HP: 57/58 MP: 6/6
  4478 | D:6      | Reached skill level 10 in Axes
  4963 | D:6      | Reached skill level 5 in Shields
  5074 | D:6      | Reached XP level 8. HP: 62/66 MP: 4/7
  5074 | D:6      | Reached ** piety under Okawaru
  5083 | D:6      | Reached skill level 11 in Axes
  5950 | D:7      | Reached skill level 12 in Axes
  6167 | D:7      | Found a stormy altar of Qazlal.
  6711 | D:8      | Reached *** piety under Okawaru
  6722 | D:8      | Reached XP level 9. HP: 71/71 MP: 8/8
  6775 | D:8      | Found a flagged portal.
  6822 | D:8      | Found a sand-covered staircase.
  6840 | Ossuary  | Entered an ossuary
  6976 | Ossuary  | Reached skill level 13 in Axes
  7145 | Bailey   | Entered a bailey
  7304 | Bailey   | Reached skill level 1 in Invocations
  7333 | Bailey   | Got a scorched eveningstar
  7458 | Bailey   | Identified the cursed +0 eveningstar of the Twelve Xalams
                  | {vamp, +Inv Int+3 Dex-4} (You found it in a bailey)
  7866 | D:8      | Reached skill level 1 in Maces & Flails
  7866 | D:8      | Reached skill level 1 in Crossbows
  8065 | D:8      | Found a staircase to the Lair.
  8094 | D:8      | Found a hazy altar of Hepliaklqana.
  8268 | D:8      | Found a burning altar of Makhleb.
  8270 | D:8      | Found a glowing silver altar of Zin.
  8270 | D:8      | Noticed an Executioner
  8270 | D:8      | Noticed an angel
  8514 | D:8      | Found a sacrificial altar of Ru.
  8748 | D:9      | Reached XP level 10. HP: 78/78 MP: 9/9
  8768 | D:9      | Reached **** piety under Okawaru
  8777 | D:9      | Reached skill level 5 in Crossbows
  9013 | D:9      | Identified Sif Muna's Incunabulum of Bread
  9286 | D:9      | Noticed a centaur warrior
  9293 | D:9      | Noticed a glowing orange brain
  9297 | D:9      | Killed a centaur warrior
  9298 | D:9      | Reached skill level 5 in Maces & Flails
  9317 | D:9      | Killed a glowing orange brain
  9491 | D:9      | Reached ***** piety under Okawaru
  9584 | D:9      | Noticed a death knight
  9585 | D:9      | Found a blossoming altar of Fedhas.
  9598 | D:9      | Found a runed translucent gate.
  9599 | D:9      | Found a runed translucent gate.
  9599 | D:9      | Found an opulent altar of Gozag.
  9600 | D:9      | Found a runed translucent gate.
  9791 | D:9      | Received a gift from Okawaru
 10065 | D:9      | Found a runed translucent door.
 10065 | D:9      | Noticed a seven-headed hydra
 10075 | D:9      | Killed a seven-headed hydra
 10076 | D:9      | Noticed a boulder beetle
 10453 | D:9      | Killed a death knight
 10454 | D:9      | Reached XP level 11. HP: 31/83 MP: 10/10
 10717 | D:9      | Noticed a flayed ghost
 10717 | D:9      | Noticed DwarfAlpaca's ghost (novice MfIE)
 10717 | D:9      | Noticed a two-headed ogre
 10907 | D:10     | Entered Level 10 of the Dungeon
 10939 | D:10     | Reached skill level 10 in Crossbows
 11999 | D:10     | Noticed an unseen horror
 12003 | D:10     | Killed an unseen horror
 12003 | D:10     | Received a gift from Okawaru
 12003 | D:10     | Noticed Sonja
 12017 | D:10     | Killed Sonja
 12254 | D:10     | Reached skill level 10 in Shields
 12463 | D:11     | Received a gift from Okawaru
 12986 | D:11     | Reached skill level 10 in Maces & Flails
 13082 | D:11     | Received a gift from Okawaru
 13083 | D:11     | Got a pair of shimmering boots {god gift}
 13099 | D:11     | Identified the +0 pair of boots of Inevitability {-Tele
                  | Rampage rF+++} (Okawaru gifted it to you on level 11 of the
                  | Dungeon)
 13390 | D:11     | Found a blossoming altar of Fedhas.
 13391 | D:11     | Found a broken altar of Ashenzari.
 13391 | D:11     | Found a shimmering blue altar of Sif Muna.
 13394 | D:11     | Found a shimmering altar of Xom.
 13394 | D:11     | Found a shimmering blue altar of Sif Muna.
 13394 | D:11     | Found a shimmering blue altar of Sif Muna.
 13664 | D:12     | Found the +1 cloak of Starlight {*Dazzle EV+4 Stlth--}
 14089 | D:12     | Found a staircase to the Orcish Mines.
 14245 | D:12     | Reached XP level 12. HP: 91/91 MP: 9/11
 14333 | D:12     | Noticed a two-headed ogre
 14341 | D:12     | Noticed a two-headed ogre
 14882 | D:12     | Noticed Jorgrun
 15275 | Lair:1   | Entered Level 1 of the Lair of Beasts
 15802 | Lair:1   | Noticed a seven-headed hydra
 15819 | Lair:1   | Killed a seven-headed hydra
 15956 | Lair:1   | Killed from afar by an electric eel

Illustrated notes

Levels and vault maps discovered:
D:1:      dpeg_arrival_stone_temple_mockup, layout_basic
D:2:      layout_basic, grunt_temple_overflow_open, lemuel_doored_altar,
          uniq_jessica
D:3:      layout_rooms, gammafunk_temple_overflow_elements
D:4:      layout_gridville, kennysheep_mini, nicolae_overflow_hidden_temple,
          minmay_temple_entry_wispy
D:5:      layout_basic, lemuel_round_altar, hangedman_decor_slide_cut
D:6:      layout_basic, centaur_isle
D:7:      layout_loops_ring, lemuel_crystal_altar
D:8:      layout_basic, grunt_temple_overflow_order_and_chaos_2,
          lemuel_round_altar, nicolae_ru_the_path_less_chosen,
          erik_lair_orcish_takeover, enter_bailey_5,
          chequers_ossuary_entry_cave, serial_bayou_crossing
D:9:      minmay_the_grid_3x2 [minmay_the_grid_minigrid_large,
          minmay_the_grid_tiny_cups, minmay_the_grid_minigrid_small_alt,
          minmay_the_grid_outer_diamond, minmay_the_grid_spikes,
          minmay_the_grid_prize_trominoes], layout_irregular_city,
          ebering_ghost_gozag, basic_altar, nicolae_two_hexagons, minivault_13
D:10:     layout_rooms, uniq_sonja
D:11:     layout_roguey, doesnt_xom_only_xom
D:12:     layout_basic, orc_0_dummy, hangedman_abyss_or_decor_passed,
          grunt_ministairs_10, lightli_corner_chamber, uniq_jorgrun
Temple:   corrupted_temple
Lair:1:   layout_roguey, serial_rivers, chequers_serial_rivers_micro_a,
          chequers_serial_rivers_small_b, chequers_serial_rivers_small_b,
          chequers_serial_rivers_micro_e, serial_bayou_lake_a

Skill      XL: |  1  2  3  4  5  6  7  8  9 10 11 12 |
---------------+-------------------------------------+-----
Axes           | 3 4 6 7 9 10 12 13 | 13.4
Shields        | 5 7 8 11 12 | 12.5
Invocations    | 1 |  1.3
Maces & Flails | 3 7 10 11 | 11.0
Crossbows      | 4 9 10 | 10.0
Fighting       | |  3.9
Armour         | |  3.8

Action                   |  1- 3 |  4- 6 |  7- 9 | 10-12 || total
-------------------------+-------+-------+-------+-------++-------
Melee: War axe           |    85 |   115 |   273 |       ||   473
       Headbutt          |    10 |    22 |    40 |   104 ||   176
       Eveningstar       |       |       |    85 |   714 ||   799
 Fire: Hunting sling     |       |     8 |    69 |       ||    77
       Hand crossbow     |       |       |    21 |   167 ||   188
Throw: Dart              |       |     4 |     5 |    11 ||    20
Invok: Heroism           |       |       |     5 |     6 ||    11
Evoke: Wand              |       |       |       |     1 ||     1
  Use: Scroll            |       |     5 |    13 |    12 ||    30
       Potion            |       |       |     3 |     7 ||    10
 Stab: Invisible         |       |       |       |     2 ||     2
Armor: Scale mail        |    51 |    44 |    13 |       ||   108
       Chain mail        |       |       |    88 |       ||    88
       Plate armour      |       |       |    48 |   333 ||   381
Dodge: Dodged            |    32 |    28 |   150 |   203 ||   413
Block: Kite shield       |    42 |    34 |   250 |   430 ||   756
